Map: [ESL] Ancient Cistern

Players

Erik

  • Race: Zerg Zerg
  • Spawn Location: 1:00

Astrea - Winner!

  • Race: Protoss Protoss
  • Spawn Location: 7:00

Event: ESL SC2 Masters 2023 Summer (Regionals)

VOD

Have the link to the VOD?

Description

Time

  • Played on: May 4, 2023, 3:29 p.m.
  • Length: 13:52

All games in this series

Show
View Real Time Build Order
Export as new Build Order

Erik Zerg 

Build Orders: Pool First 

Get SALT Encoding   

  12  0:00  Drone  
  12  0:06  Extractor  
  12  0:24  Spawning Pool  
  11  0:28  Drone  
  11  0:34  Drone  
  13  0:46  Overlord  
  13  0:52  Drone  
  14  1:08  Drone  
  14  1:10  Metabolic Boost  
  15  1:12  Zergling x2  
  15  1:15  Zergling x2  
  17  1:23  Drone  
  18  1:34  Drone  
  19  1:46  Drone  
  20  1:52  Hatchery  
  19  1:59  Roach Warren  
  19  2:00  Drone  
  19  2:06  Drone  
  20  2:16  Queen  
  22  2:24  Overlord  
  22  2:43  Roach x2  
  26  2:49  Roach  
  28  2:53  Queen  
  30  3:01  Overlord  
  30  3:04  Drone  
  31  3:10  Drone  
  32  3:16  Drone  
  33  3:21  Drone  
  33  3:26  Drone x4  
  38  3:35  Ravager  
  38  3:37  Ravager  
  38  3:38  Overlord  
  38  3:39  Drone  
  41  3:46  Drone  
  41  3:47  Drone  
  43  3:56  Drone  
  43  3:57  Drone x3  
  43  3:58  Queen  
  43  4:00  Drone  
  50  4:06  Drone x2  
  50  4:09  Overlord  
  52  4:20  Hatchery  
  51  4:24  Overlord  
  51  4:27  Queen  
  53  4:32  Drone x2  
  54  4:39  Drone x5  
  54  4:45  Ravager  
  60  4:50  Evolution Chamber  
  60  4:51  Extractor  
  58  4:54  Zergling x4  
  58  4:55  Zergling x8  
  64  5:09  Overlord  
  64  5:11  Zergling x8  
  64  5:13  Overlord  
  64  5:14  Overlord x2  
  68  5:16  Zerg Melee Weapons Level 1  
  68  5:22  Overlord  
  68  5:23  Overlord  
  68  5:26  Lair  
  68  5:29  Drone  
  68  5:30  Drone  
  68  5:32  Drone  
  71  5:42  Drone x6  
  76  5:47  Drone x3  
  79  5:57  Drone x2  
  79  6:01  Drone  
  82  6:06  Hatchery, Drone x2  
  83  6:17  Zergling x12  
  89  6:19  Hatchery  
  89  6:21  Zergling x2  
  89  6:22  Zergling x2  
  84  6:32  Overseer  
  84  6:33  Overseer x2  
  84  6:37  Drone x5  
  86  6:43  Drone x2  
  86  6:46  Drone x3  
  90  6:51  Drone x2  
  89  7:00  Drone x2  
  88  7:10  Drone, Infestation Pit  
  88  7:11  Drone  
  89  7:18  Zergling x14  
  96  7:23  Glial Reconstitution  
  96  7:26  Zergling x4  
  98  7:30  Spore Crawler  
  98  7:31  Spine Crawler x2  
  98  7:32  Zergling x6  
  98  7:34  Zergling x4  
  97  7:44  Drone x3  
  97  7:45  Drone x4  
  97  7:50  Spire  
  102  7:52  Drone x6  
  102  7:54  Drone  
  109  8:04  Zergling x18  
  118  8:07  Hive  
  118  8:10  Extractor, Drone  
  118  8:11  Extractor, Drone  
  111  8:21  Zergling x20  
  115  8:35  Roach x7  
  115  8:39  Overlord  
  129  8:44  Drone x5  
  129  8:46  Overlord x6  
  134  8:56  Spore Crawler  
  134  8:57  Spine Crawler  
  134  9:02  Zergling x16  
  140  9:11  Spore Crawler  
  140  9:12  Spine Crawler, Spore Crawler  
  140  9:13  Spine Crawler  
  140  9:15  Zergling x24  
  148  9:18  Adrenal Glands  
  148  9:24  Zergling x2  
  148  9:25  Zergling x8  
  152  9:31  Hatchery  
  152  9:35  Drone x6, Greater Spire  
  152  9:37  Extractor  
  152  9:38  Extractor  
  155  9:40  Drone x2  
  155  9:41  Extractor  
  155  9:43  Extractor  
  155  9:46  Spine Crawler  
  155  9:47  Drone x2  
  156  9:53  Roach x4  
  156  9:54  Roach x2  
  165  10:03  Viper  
  165  10:06  Roach x6  
  180  10:11  Overseer  
  180  10:14  Zergling x6  
  180  10:16  Overlord x3  
  180  10:29  Overlord  
  180  10:40  Corruptor x3  
  186  10:46  Hatchery  
  185  10:53  Corruptor  
  185  10:54  Corruptor x2  
  181  10:59  Drone x2  
  181  11:03  Drone  
  181  11:04  Drone x2  
  186  11:05  Drone  
  186  11:06  Drone x2  
  186  11:08  Pneumatized Carapace  
  186  11:10  Drone x8  
  193  11:19  Spore Crawler  
  193  11:20  Zergling x2  
  193  11:21  Zergling x6  
  193  11:23  Hatchery  
  190  11:32  Zerg Flyer Weapons Level 1  
  187  11:44  Brood Lord  
  187  11:45  Brood Lord x4  
  195  11:51  Overseer  
  195  11:52  Overseer  
  195  12:01  Brood Lord  
  197  12:02  Spore Crawler  
  197  12:04  Zergling x6  
  198  12:14  Corruptor x2  
  177  12:28  Corruptor  
  172  12:31  Zergling x22  
  142  12:48  Zergling x4  
  110  12:59  Roach  
  110  13:00  Roach  
  97  13:10  Roach x2  
  88  13:17  Brood Lord  
  90  13:22  Zergling x4  
Show
View Real Time Build Order
Export as new Build Order

Astrea Protoss - Winner!

Build Orders: Phoenix Opening 

Get SALT Encoding   

  12  0:00  Probe  
  13  0:12  Probe  
  14  0:17  Pylon  
  14  0:24  Probe (Chrono Boost)  
  15  0:36  Probe (Chrono Boost)  
  15  0:38  Gateway  
  16  0:44  Probe (Chrono Boost)  
  16  0:46  Assimilator  
  17  0:51  Probe  
  18  1:03  Probe  
  19  1:16  Probe  
  20  1:18  Gateway  
  20  1:25  Cybernetics Core  
  20  1:28  Probe  
  20  1:31  Pylon  
  21  1:34  Zealot  
  23  1:44  Pylon  
  23  2:02  Nexus  
  23  2:06  Probe  
  24  2:10  Sentry  
  24  2:15  Assimilator  
  26  2:18  Probe (Chrono Boost)  
  26  2:25  Warp Gate  
  26  2:28  Probe (Chrono Boost)  
  27  2:33  Probe (Chrono Boost), Stalker  
  30  2:40  Phoenix  
  30  2:44  Probe  
  30  2:46  Pylon  
  31  3:03  Shield Battery  
  31  3:05  Probe (Chrono Boost)  
  32  3:14  Probe (Chrono Boost)  
  32  3:15  Twilight Council  
  32  3:17  Probe (Chrono Boost)  
  36  3:23  Probe (Chrono Boost), Stalker  
  36  3:24  Probe (Chrono Boost)  
  38  3:28  Probe (Chrono Boost)  
  38  3:31  Stalker  
  41  3:34  Probe  
  41  3:40  Probe  
  43  3:47  Probe  
  44  3:49  Shield Battery  
  44  3:57  Pylon  
  46  4:04  Probe  
  46  4:05  Dark Shrine  
  47  4:14  Probe  
  47  4:16  Probe  
  47  4:17  Phoenix  
  47  4:18  Blink (Chrono Boost)  
  47  4:27  Probe  
  47  4:29  Probe  
  49  4:39  Probe  
  49  4:41  Probe  
  51  4:47  Nexus, Stalker x2  
  51  4:51  Probe  
  56  4:53  Probe, Pylon  
  56  4:57  Assimilator  
  56  4:58  Pylon  
  57  5:03  Probe (Chrono Boost)  
  59  5:08  Probe (Chrono Boost), Assimilator  
  59  5:10  Pylon  
  59  5:13  Stalker  
  62  5:15  Probe (Chrono Boost), Stalker  
  62  5:20  Probe (Chrono Boost)  
  65  5:22  Probe (Chrono Boost)  
  65  5:24  Shield Battery  
  65  5:25  Shield Battery  
  66  5:29  Probe  
  66  5:33  Gateway  
  66  5:34  Gateway  
  67  5:38  Dark Templar  
  67  5:41  Probe  
  70  5:45  Probe, Dark Templar  
  70  5:47  Pylon  
  73  5:53  Probe  
  74  5:57  Probe  
  74  5:59  Probe  
  76  6:06  Probe (Chrono Boost)  
  76  6:10  Probe (Chrono Boost), Robotics Facility, Forge  
  78  6:11  Probe (Chrono Boost)  
  78  6:18  Probe (Chrono Boost)  
  80  6:21  Probe x2 (Chrono Boost)  
  80  6:23  Probe (Chrono Boost)  
  80  6:25  Probe (Chrono Boost)  
  82  6:26  Probe (Chrono Boost)  
  82  6:32  Probe  
  84  6:35  Stalker x4  
  92  6:41  Probe  
  92  6:44  Probe x2  
  92  6:45  Assimilator  
  92  6:46  Pylon  
  95  6:47  Assimilator  
  95  6:53  Probe  
  96  6:56  Probe x2  
  96  7:02  Protoss Ground Weapons Level 1 (Chrono Boost)  
  96  7:05  Observer (Chrono Boost)  
  97  7:08  Robotics Bay  
  97  7:11  Robotics Facility  
  97  7:14  Pylon  
  95  7:18  Pylon, Warp Prism (Chrono Boost)  
  95  7:20  Stalker x4  
  105  7:28  Nexus  
  105  7:31  Pylon  
  105  7:33  Photon Cannon  
  105  7:35  Photon Cannon  
  105  7:40  Probe x2  
  107  7:47  Charge (Chrono Boost)  
  108  7:54  Stalker x2, Shield Battery  
  108  7:55  Probe  
  108  7:56  Colossus (Chrono Boost)  
  120  8:04  Colossus (Chrono Boost)  
  120  8:05  Extended Thermal Lance  
  124  8:07  Probe x2, Pylon  
  126  8:21  Dark Templar  
  126  8:22  Stalker x3  
  126  8:25  Probe  
  122  8:27  Probe  
  123  8:43  Nexus  
  123  8:45  Photon Cannon  
  123  8:46  Dark Templar x3  
  129  8:52  Gateway  
  129  8:54  Gateway  
  129  9:00  Colossus  
  129  9:01  Warp Prism, Protoss Ground Weapons Level 2 (Chrono Boost)  
  137  9:12  Stalker  
  137  9:15  Pylon  
  137  9:16  Pylon  
  139  9:17  Pylon  
  139  9:31  Stalker  
  139  9:33  Photon Cannon  
  139  9:36  Stalker x3  
  147  9:52  Probe x3  
  150  9:56  Templar Archives  
  150  9:57  Assimilator  
  150  10:01  Zealot x2  
  150  10:02  Zealot x4, Assimilator  
  150  10:05  Probe x2  
  162  10:15  Colossus x2  
  172  10:21  Pylon  
  172  10:25  Pylon  
  172  10:27  Pylon  
  166  10:28  Pylon  
  166  10:31  Pylon  
  166  10:33  Photon Cannon  
  166  10:34  Photon Cannon  
  166  10:36  Photon Cannon  
  166  10:37  Photon Cannon  
  166  10:38  Pylon  
  166  10:50  Psionic Storm, Dark Templar x4  
  166  10:51  Dark Templar  
  166  10:55  Archon x2  
  166  10:56  Dark Templar  
  170  10:58  Protoss Ground Weapons Level 3 (Chrono Boost)  
  169  11:12  Immortal x2  
  177  11:26  Gateway  
  177  11:28  Pylon, Gateway  
  177  11:30  Gateway  
  177  11:32  High Templar, Gateway  
  179  11:33  High Templar x3  
  185  11:43  Archon x2  
  185  11:48  High Templar x2  
  189  11:54  Forge  
  189  11:58  Archon  
  189  11:59  Nexus  
  187  12:05  Zealot x4  
  193  12:11  Pylon  
  193  12:14  Pylon  
  191  12:23  Stalker  
  191  12:24  Stalker x3  
  197  12:40  Stalker x2  
  194  12:55  Colossus  
  192  13:03  Stalker x6  
  192  13:04  Stalker x4  
  190  13:16  Nexus  
  190  13:19  Pylon  
  190  13:27  Gateway  
  190  13:29  Gateway  
  190  13:42  Stalker x5  
Tags
 
Add a new tag
Caveats
  • Supply blocks, unpowered buildings, or Contaminate may cause inaccurate times.
  • Supply counts are checked every 10 seconds.